 Dungeon Crawl Stone Soup version 0.31-a0-986-g5e6e4ef867 (webtiles) character file.

Game seed: 9305063159302766985

161 wildpjah the Shield-Bearer (level 5, -2/42 HPs)
             Began as a Formicid Fighter on Nov 21, 2023.
             Slain by Blork the orc
             ... wielding a +0 battleaxe
              (15 damage)
             ... on level 4 of the Dungeon.
             The game lasted 00:04:04 (2696 turns).

wildpjah the Shield-Bearer (Formicid Fighter)       Turns: 2696, Time: 00:04:05

Health: -2/42      AC:  7    Str: 20    XL:     5   Next: 70%
Magic:  5/5        EV: 10    Int:  8    God:
Gold:   121        SH:  5    Dex: 15    Spells: 4/4 levels left

rFire   . . .        a - +0 long sword
rCold   . . .        c - +0 buckler
rNeg    . . .        b - +0 scale mail
rPois   .            (helmet unavailable)
rElec   .            (no cloak)
rCorr   .            (no gloves)
SInv    +            (no boots)
Will    .....        (no amulet) Stlth
                     (no ring)
HPRegen 0.27/turn    (no ring)
MPRegen 0.09/turn

%: no passive effects
@: mighty
A: permanent stasis, dig shafts and tunnels, antennae 3, four strong arms
a: Dig, Shaft Self


You were on level 4 of the Dungeon.
You visited 1 branch of the dungeon, and saw 4 of its levels.

You collected 121 gold pieces.

Inventory:

Hand Weapons
 a - a +0 long sword (weapon)
 i - a +2 dagger of speed
 r - a +0 long sword
Missiles
 j - 4 javelins (quivered)
Armour
 b - a +0 scale mail (worn)
 c - a +0 buckler (worn)
Scrolls
 g - a scroll of vulnerability
 m - a scroll of fear
Potions
 e - 2 potions of degeneration {unknown}
 f - a potion of lignification {unknown}
 h - 2 potions of heal wounds {unknown}
 n - a potion of brilliance {unknown}
 p - a potion of curing {unknown}
 q - 2 potions of mutation {unknown}


   Skills:
 + Level 4.0 Fighting
 + Level 3.6 Long Blades
 + Level 3.9 Armour
 * Level 1.5 Dodging
 + Level 4.6 Shields


You had 4 spell levels left.
You didn't know any spells.
Your spell library contained the following spells:

 Spells                   Type           Power      Damage    Failure   Level
 Slow                     Hex            0%         N/A       83%         1
 Confusing Touch          Hex            0%         N/A       99%         3
 Sigil of Binding         Hex            0%         N/A       99%         3
 Vampiric Draining        Necr           0%         2d6       99%         3


Dungeon Overview and Level Annotations

Branches:
Dungeon (4/15)
 Temple: D:4-7

Altars:

Shops:
D:2 [

Annotations:
D:4 Blork the orc


Innate Abilities, Weirdness & Mutations

You cannot be hasted, slowed, berserked, paralysed or teleported.
You can dig through walls and to a lower floor.
You have a pair of large antennae on your head. (SInv)
Your four strong arms can wield two-handed weapons with a shield.


Message History

As you read the scroll of identify, it crumbles to dust.
l - a scroll of blinking
As you read the scroll of identify, it crumbles to dust.
m - a scroll of fear You drop 2 scrolls of teleportation.
You drop a scroll of blinking.
The air fills with toxic fumes!
As you read the scroll labelled COETTYH AWNUQY, it crumbles to dust.
It was a scroll of poison.
You start waiting.
Done waiting.
f - a fuming ruby potion A goblin comes into view.
It is wielding a +0 club.
The goblin shouts!
You hear a shout!
A kobold comes into view. It is wielding a +0 club.
An ogre comes into view. It is wielding a +0 giant club.
Found 10 gold pieces.
The kobold shouts!
The goblin hits you but does no damage.
Blork the orc comes into view.
He is wielding a +0 battleaxe.
Blork the orc shouts!
You slash the goblin!
You kill the goblin!
Blork the orc screams, "I'll make a cloak from your skin!"
You feel very mighty all of a sudden.
You hit the ogre.
The ogre is moderately wounded.
The ogre barely misses you. You block the kobold's attack.
You hit the ogre.
The ogre is heavily wounded.
The ogre hits you with a +0 giant club. The kobold hits you but does no damage.
You barely miss the ogre.
The ogre is heavily wounded.
The kobold hits you with a +0 club.
The ogre hits you with a +0 giant club!!
You barely miss the ogre.
The ogre is heavily wounded.
The kobold hits you with a +0 club.
Blork the orc hits you with a +0 battleaxe!
You die...

##......... ##.#.#.###
.. #.....# ##.# ####..#
######...### #
#.....#####.........$# #
#.#####...#..........# #
#.# #...#..........# #
#.#####...............
###.....#.......@O.....#
....###.#.......Ko......
#.#.###.#...............
#.......................
##..##......####..?.....
###.†.......###..##...#.
# ###....##......# .....
# #..#.##...##.# .#.#. #
#...........


You could see Blork the orc, an ogre and a kobold.

Vanquished Creatures
  Robin (D:1)
  6 adders
  3 worms
  2 dart slugs (D:1)
  2 orcs (D:3)
  6 endoplasms
  5 giant cockroaches
  9 goblins
  11 hobgoblins
  3 jackals (D:1)
  6 kobolds
  2 quokkas
  9 ball pythons
  6 bats
  4 frilled lizards
  5 rats
80 creatures vanquished.

Notes
Turn   | Place    | Note
-------+----------+-------------------------------------------
     0 | D:1      | wildpjah the Formicid Fighter began the quest for the Orb.
     0 | D:1      | Reached XP level 1. HP: 18/18 MP: 1/1
    47 | D:1      | Reached XP level 2. HP: 13/24 MP: 2/2
   477 | D:1      | Reached XP level 3. HP: 29/29 MP: 3/3
   834 | D:2      | Noticed Robin
   934 | D:1      | Killed Robin
   935 | D:1      | Reached skill level 1 in Dodging
   939 | D:1      | Reached XP level 4. HP: 32/37 MP: 4/4
  1329 | D:2      | Found Mais's Armour Shop.
  1486 | D:3      | Reached XP level 5. HP: 42/42 MP: 5/5
  2688 | D:4      | Noticed an ogre
  2690 | D:4      | Noticed Blork the orc
  2696 | D:4      | Slain by Blork the orc

Illustrated notes

Levels and vault maps discovered:
D:1:      amcnicky_arrival_underground_garden, layout_basic
D:2:      layout_basic, serial_shops, nicolae_lakefront_shop, uniq_robin
D:3:      layout_loops_corners, hangedman_feature_mirror, chequers_garden,
          nicolae_titane
D:4:      layout_basic, minitemple, uniq_blork_the_orc

Skill      XL: |  1  2  3  4 |
---------------+-------------+-----
Dodging        | 1 |  1.5
Fighting       | 4 |  4.0
Long Blades    | 3 |  3.6
Armour         | |  3.9
Shields        | |  4.6

Action                     |  1- 3 |  4- 6 || total
---------------------------+-------+-------++-------
  Melee: Long sword        |    78 |   138 ||   216
    Use: Scroll            |       |     5 ||     5
         Potion            |       |     1 ||     1
 Armour: Scale mail        |    74 |    87 ||   161
  Dodge: Dodged            |    48 |    67 ||   115
  Block: Buckler           |    34 |    44 ||    78

Table legend: (Time is in decaauts)
 A = Elapsed time spent in this place.
 B = Non-inter-level travel time spent in this place.
 C = Inter-level travel time spent in this place.
 D = Time resting spent in this place.
 E = Time spent auto-exploring this place.
 F = Levels seen in this place.
 G = Mean time per level.
                   A        B        C        D        E       F      G
               +--------+--------+--------+--------+--------+-----+--------+
         Total |   2760 |   2681 |     79 |    161 |   1991 |   4 |  690.0 |
       Dungeon |   2760 |   2681 |     79 |    161 |   1991 |   4 |  690.0 |
               +--------+--------+--------+--------+--------+-----+--------+

Top non-repeatable levels by time:
     D:1: 962 daAuts
     D:3: 936 daAuts
     D:2: 521 daAuts
     D:4: 340 daAuts
